[Event "Team 45 45 League T48"]
[Site "Internet Chess Club"]
[Date "2011.03.14"]
[Round "5"]
[White "MeanMrMustard"]
[Black "Mark-SF"]
[Result "1-0"]
[WhiteElo "1841"]
[BlackElo "1901"]
[Opening "Giuoco Piano"]
[ECO "C54"]
[Time "22:08:18"]
[TimeControl "2700+45"]

1. e4 e5 2. Nf3 Nc6 3. Bc4 Bc5 4. c3 Nf6 5. d3 O-O 6. b4 Bb6 7. a4 a6 8. O-O d6
9. Bg5 h6 10. Bh4 g5 11. Nxg5 hxg5 12. Bxg5 Bg4 13. Bxf6 Qxf6 14. Qxg4+ Qg7 15.
Qxg7+ Kxg7 16. g3 Rh8 17. Kg2 Rh7 18. Nd2 Rah8 19. Nf3 f6 20. Nh4 Ne7 21. Be6
Kf8 22. Rh1 Ke8 23. Nf5 Nxf5 24. Bxf5 Kd8 25. Bxh7 {Black resigns} 1-0

[Event "Team 45 45 League T48"]
[Site "Internet Chess Club"]
[Date "2011.03.11"]
[Round "5"]
[White "rayngrant"]
[Black "oldsj"]
[Result "1-0"]
[WhiteElo "1637"]
[BlackElo "1614"]
[Opening "two knights defense: Bogolyubov variation"]
[ECO "C58"]
[Time "14:31:37"]
[TimeControl "2700+45"]

1. e4 e5 2. Nf3 Nc6 3. Bc4 Nf6 4. Ng5 d5 5. exd5 Na5 6. Bb5+ c6 7. dxc6 bxc6 8.
Qf3 Bb7 9. Ba4 Be7 10. O-O O-O 11. d3 c5 12. Qe3 h6 13. Ne4 Nxe4 14. dxe4 Nc4
15. Qg3 Bh4 16. Qb3 Ba6 17. Re1 Rb8 18. Qc3 Qc7 19. Bb3 Nd6 20. Bd5 Nb5 21. Qh3
Bf6 22. c3 Qe7 23. a4 Nc7 24. c4 Bc8 25. Qf3 Ne6 26. Nc3 Nd4 27. Qd3 Rd8 28. Nb5
a6 29. Nxd4 exd4 30. b3 Qc7 31. f4 Rb6 32. e5 Be7 33. f5 Bb7 34. a5 Rb4 35. Qf3
Bxd5 36. cxd5 Qb7 37. Qg4 Bg5 38. Bxg5 hxg5 39. Qxg5 Qxd5 40. f6 Kf8 41. fxg7+
{Black resigns} 1-0

[Event "Team 45 45 League T48"]
[Site "Internet Chess Club"]
[Date "2011.03.14"]
[Round "5"]
[White "fileman"]
[Black "MASTERCHEF"]
[Result "1-0"]
[WhiteElo "1929"]
[BlackElo "1708"]
[Opening "Queen's pawn game"]
[ECO "A46"]
[Time "15:08:05"]
[TimeControl "2700+45"]

1. d4 Nf6 2. Nf3 d6 3. Nc3 g6 4. Bf4 c6 5. e4 b5 6. Bd3 Nbd7 7. Qd2 h5 8. h3 Nb6
9. a4 a6 10. b3 Bb7 11. a5 Nc8 12. O-O Bg7 13. Rfe1 O-O 14. Bh6 Qc7 15. e5 dxe5
16. dxe5 Nd5 17. Nxd5 cxd5 18. Bxg7 Kxg7 19. Qg5 e6 20. Qf6+ Kg8 21. g4 Qe7 22.
gxh5 Qxf6 23. exf6 Nd6 24. Ng5 gxh5 25. Kh2 Kh8 26. Re5 Ne4 27. Bxe4 dxe4 28.
Rg1 Rac8 29. Nxe6 Kh7 30. Rxh5# {Black checkmated} 1-0

[Event "Team 45 45 League T48"]
[Site "Internet Chess Club"]
[Date "2011.03.10"]
[Round "5"]
[White "AntonioMendonca"]
[Black "SidVicious"]
[Result "0-1"]
[WhiteElo "1505"]
[BlackElo "1733"]
[Opening "Sicilian defense"]
[ECO "B20"]
[Time "20:10:35"]
[TimeControl "2700+45"]

1. e4 c5 2. b3 e5 3. Bb2 Nc6 4. Nc3 g6 5. Bc4 Bg7 6. Nge2 Nge7 7. d3 O-O 8. f4
d6 9. O-O a6 10. a4 Be6 11. Rb1 Qd7 12. fxe5 Nxe5 13. Bxe6 fxe6 14. Qd2 N7c6 15.
Qg5 Nf7 16. Qg4 Nd4 17. Nxd4 cxd4 18. Nd5 Nh6 19. Nb6 Nxg4 20. Nxd7 Rxf1+ 21.
Rxf1 Ne3 22. Rf2 Nd1 23. Ba3 Nxf2 24. Kxf2 Rd8 25. Nb6 Bf8 26. Bb2 e5 27. Nd5
Rc8 28. Nb4 a5 {White resigns} 0-1

[Event "Team 45 45 League T48"]
[Site "Internet Chess Club"]
[Date "2011.03.13"]
[Round "5"]
[White "bondguy01"]
[Black "quotha"]
[Result "1-0"]
[WhiteElo "1696"]
[BlackElo "1638"]
[Opening "QGD Slav: 4.e3"]
[ECO "D11"]
[Time "12:11:56"]
[TimeControl "2700+45"]

1. d4 d5 2. c4 c6 3. Nf3 Nf6 4. e3 Bg4 5. Qb3 Qb6 6. Ne5 Qxb3 7. axb3 e6 8. Nxg4
Nxg4 9. Be2 Nf6 10. c5 Be7 11. b4 Nbd7 12. b5 O-O 13. Nc3 e5 14. O-O exd4 15.
exd4 Rfe8 16. Be3 Bf8 17. Bf3 Ne4 18. Nxe4 dxe4 19. Be2 f5 20. Bc4+ Kh8 21. Rfd1
cxb5 22. Bxb5 Red8 23. b4 h6 24. Bc4 Nf6 25. d5 a6 26. d6 Rac8 27. Be6 {Black
resigns} 1-0